 Dungeon Crawl Stone Soup version 0.27-a0-681-g0c81a3c1c3 (webtiles) character file.

Game seed: 14268847466491094304

228 mdonais the Shooter (level 5, -3/31 HPs)
             Began as a Deep Elf Hunter on Mar 19, 2021.
             Slain by a scorpion (5 damage)
             ... on level 4 of the Dungeon.
             The game lasted 00:07:19 (3269 turns).

mdonais the Shooter (Deep Elf Hunter)               Turns: 3269, Time: 00:07:19

Health: -3/31      AC:  4    Str: 10    XL:     5   Next: 70%
Magic:  7/7        EV: 13    Int: 16    God:
Gold:   119        SH:  0    Dex: 15    Spells: 4/4 levels left

rFire    . . .     SeeInvis .   b - +0 short sword
rCold    . . .     Faith    .   (no shield)
rNeg     . . .     Spirit   .   c - +0 leather armour
rPois    .         Reflect  .   r - +0 helmet
rElec    .         Harm     .   (no cloak)
rCorr    .         Rampage  .   (no gloves)
Will     .....                  (no boots)
Stlth    ++........             (no amulet)
HPRegen  0.10/turn              (no ring)
MPRegen  0.10/turn              (no ring)

@: lethally poisoned (-3 -> -24)
A: no striking features
a: no special abilities


You were on level 4 of the Dungeon.
You visited 1 branch of the dungeon, and saw 4 of its levels.

You collected 119 gold pieces.

Inventory:

Hand Weapons
 a - a +2 shortbow
 b - a +0 short sword (weapon)
Missiles
 d - 59 arrows
 h - 36 bolts
 i - 108 stones (quivered)
Armour
 c - a +0 leather armour (worn)
 r - a +0 helmet (worn)
   (You found it on level 2 of the Dungeon)
Wands
 A - a wand of acid (8)
   (You found it on level 4 of the Dungeon)
 D - a wand of digging (2)
   (You found it on level 3 of the Dungeon)
 V - a wand of flame (16)
   (You found it on level 3 of the Dungeon)
Scrolls
 f - a scroll of teleportation {unknown}
 g - a scroll of enchant armour {unknown}
 j - a scroll of enchant weapon
 l - a scroll of vulnerability {unknown}
 n - a scroll of amnesia {unknown}
 p - a scroll of fear {unknown}
 s - a scroll of fog {unknown}
 t - a scroll of torment {unknown}
 u - a scroll of acquirement {unknown}
 M - a scroll of magic mapping
Potions
 e - a potion of might
 k - a potion of cancellation
 m - a potion of flight {unknown}
 o - a potion of haste {unknown}
 q - a potion of degeneration {unknown}


   Skills:
 + Level 2.7 Fighting
 + Level 6.5 Bows
 + Level 4.1 Dodging
 + Level 3.8 Stealth
 + Level 0.0 Evocations


You had 4 spell levels left.
You didn't know any spells.
Your spell library contained the following spells:

 Spells                   Type           Power      Damage    Failure   Level
 Animate Skeleton         Necr           0%         N/A       34%         1
 Apportation              Tloc           0%         N/A       34%         1
 Corona                   Hex            0%         N/A       34%         1
 Summon Small Mammal      Summ           0%         N/A       34%         1
 Call Imp                 Summ           0%         N/A       45%         2
 Call Canine Familiar     Summ           0%         N/A       71%         3
 Summon Guardian Golem    Hex/Summ       0%         N/A       71%         3
 Summon Ice Beast         Ice/Summ       0%         N/A       98%         4
 Summon Lightning Spire   Summ/Air       0%         N/A       98%         4


Dungeon Overview and Level Annotations

Branches:
Dungeon (4/15)
 Temple: D:4-7

Altars:
Cheibriados
Elyvilon
Zin
The Shining One


Message History

The worker ant is heavily wounded.
The worker ant bites you.
You take 4 damage, and have 22/31 hp.
You shoot an arrow. The arrow hits the worker ant.
The worker ant is heavily wounded.
The worker ant bites you but does no damage.
You shoot an arrow.
The arrow closely misses the worker ant.
The worker ant bites you.
You are poisoned.
The worker ant poisons you! The worker ant closely misses you.
You take 3 damage, and have 19/31 hp.
You shoot an arrow.
The arrow hits the worker ant but does no damage.
The worker ant is heavily wounded.
You feel sick. The worker ant closely misses you.
You take 1 damage, and have 18/31 hp.
You shoot an arrow.
The arrow hits the worker ant but does no damage.
The worker ant is heavily wounded.
The worker ant bites you but does no damage.
Fire: 53 arrows
Press: ? - help, Q - select action, (/) - cycle Shift-Dir - straight line, f/p - worker ant
Aim: a worker ant (heavily wounded, 64% to hit)
You shoot an arrow. The arrow barely misses the worker ant.
You feel sick. The worker ant misses you.
You take 1 damage, and have 17/31 hp.
Fire: 52 arrows
Press: ? - help, Q - select action, (/) - cycle Shift-Dir - straight line, f/p - worker ant
Aim: a worker ant (heavily wounded, 64% to hit)
You shoot an arrow. The arrow barely misses the worker ant.
The worker ant closely misses you.
Fire: 51 arrows
Press: ? - help, Q - select action, (/) - cycle Shift-Dir - straight line, f/p - worker ant
Aim: a worker ant (heavily wounded, 64% to hit)
You shoot an arrow. The arrow hits the worker ant!
You kill the worker ant!
You feel sick.
Your Dodging skill increases to level 4!
You take 1 damage, and have 16/31 hp.
You feel sick.
You take 1 damage, and have 16/31 hp.
You feel sick.
You take 1 damage, and have 15/31 hp.
You feel sick.
You take 1 damage, and have 14/31 hp.
There is a stone staircase leading up here.
You start resting.
You feel sick.
You are no longer poisoned.
You take 1 damage, and have 14/31 hp.
You start resting.
HP restored.
Health restored: 31
As you read the scroll labelled GAG QOUN VIEDD, it crumbles to dust.
It is a scroll of enchant weapon.
Your +1 shortbow glows red for a moment.
As you read the scroll labelled CIEPNIFRAHE, it crumbles to dust.
You feel aware of your surroundings.
You sensed 1 altar, and 1 shop/portal.
It was a scroll of magic mapping.
M - a scroll of magic mapping
d - 59 arrows (gained 9)
d - 60 arrows (gained 1)
d - 64 arrows (gained 4)
A - a wand of acid (8) Unknown command.
l - a scroll labelled VOTYMP BUICUST You now have 94 gold pieces (gained 9).
You now have 108 gold pieces (gained 14).
Found 3 large rocks.
A worker ant comes into view.
Found a scroll labelled BEMEMMEPNE.
You shoot an arrow. The arrow hits the worker ant.
The worker ant is lightly wounded.
You shoot an arrow. The arrow hits the worker ant!
The worker ant is severely wounded.
You shoot an arrow. The arrow hits the worker ant.
The worker ant is severely wounded.
You shoot an arrow. The arrow hits the worker ant!
You kill the worker ant!
d - 61 arrows (gained 1)
You see here a worker ant corpse.
d - 62 arrows (gained 1)
d - 63 arrows (gained 1)
d - 64 arrows (gained 1)
u - a scroll labelled BEMEMMEPNE
Found a short sword.
You see here a +0 short sword.
You now have 119 gold pieces (gained 11).
A scorpion comes into view.
You shoot an arrow. The arrow hits the scorpion.
The scorpion is moderately wounded.
You shoot an arrow. The arrow hits the scorpion.
The scorpion is heavily wounded.
You shoot an arrow. The arrow hits the scorpion.
The scorpion is heavily wounded.
You shoot an arrow. The arrow hits the scorpion.
The scorpion is severely wounded.
You shoot an arrow. The arrow hits the scorpion.
The scorpion is severely wounded.
b - a +0 short sword (weapon)
You closely miss the scorpion.
The scorpion is severely wounded.
The scorpion misses you.
You barely miss the scorpion.
The scorpion is severely wounded.
The scorpion stings you!
You take 8 damage, and have 23/31 hp.
MASSIVE DAMAGE!!
You completely miss the scorpion.
The scorpion is severely wounded.
The scorpion closely misses you.
You closely miss the scorpion.
The scorpion is severely wounded.
The scorpion misses you. The scorpion stings you.
You take 3 damage, and have 20/31 hp.
You closely miss the scorpion.
The scorpion is severely wounded.
The scorpion completely misses you.
You hit the scorpion.
The scorpion is severely wounded.
The scorpion stings you.
You take 5 damage, and have 15/31 hp.
You are too injured to fight recklessly!
You are too injured to fight recklessly!
You are too injured to fight recklessly!
Press: ? - help, v - describe, . - travel
Here: a scorpion (severely wounded)
The floor.
You barely miss the scorpion.
The scorpion is severely wounded.
The scorpion stings you!
* * * LOW HITPOINT WARNING * * *
You are lethally poisoned!
The scorpion poisons you!
You take 9 damage, and have 7/31 hp.
MASSIVE DAMAGE!!
It was a potion of might.
You feel very mighty all of a sudden.
* * * LOW HITPOINT WARNING * * *
You feel sick. The scorpion stings you.
* * * LOW HITPOINT WARNING * * *
You are more poisoned.
The scorpion poisons you!
You take 3 damage, and have 4/31 hp.
It was a potion of cancellation.
Your magical effects are unravelling.
You feel magically purged.
You feel a little less mighty now.
* * * LOW HITPOINT WARNING * * *
You feel sick. The scorpion stings you.
You die...

**,,,** #.....)#.............
**,,,** #...#................
##,,,** #..####....###....###
#..,,* ##..# #..####........
....** #..## ##..##.........
....##### ##..# #..#..........
*#......###...### #............#
##..............####............#
#......##...#..s@...............#
#.....####..#####...............#
......* #..#* *#.........###...
....(#* ##..# #...>.....##....
....(* #..# ##..............
....(* ##.#* #..............
.....** *..* #...(..........
....,,* **,,****#...........#..
∩,,,,,* ***,,,,,,,...........##..


You could see a scorpion.

Vanquished Creatures
  An orc priest (D:3)
  3 worker ants (D:4)
  6 adders
  An ooze (D:3)
  A leopard gecko (D:3)
  10 orcs (D:3)
  A ball python (D:1)
  8 bats
  5 giant cockroaches
  4 goblins
  5 hobgoblins
  7 frilled lizards
  8 kobolds
  7 rats
67 creatures vanquished.

Notes
Turn   | Place    | Note
-------+----------+-------------------------------------------
     0 | D:1      | mdonais the Deep Elf Hunter began the quest for the Orb.
     0 | D:1      | Reached XP level 1. HP: 12/12 MP: 3/3
   139 | D:1      | Reached XP level 2. HP: 17/17 MP: 4/4
   947 | D:2      | Reached XP level 3. HP: 21/21 MP: 5/5
  1272 | D:2      | Found a glowing golden altar of the Shining One.
  1272 | D:2      | Found a glowing silver altar of Zin.
  1273 | D:2      | Found a white marble altar of Elyvilon.
  1824 | D:3      | Reached XP level 4. HP: 26/26 MP: 6/6
  1835 | D:3      | Reached skill level 6 in Bows
  2028 | D:3      | Found a snail-covered altar of Cheibriados.
  2396 | D:3      | Reached XP level 5. HP: 29/31 MP: 7/7
  3269 | D:4      | Slain by a scorpion

Illustrated notes

Levels and vault maps discovered:
D:1:      dpeg_arrival_boxes_within_box, layout_rooms, supply_closet_lemuel
D:2:      layout_basic, good_gods_temple_1, dk_noncrumbling_2
D:3:      layout_loops_ring, lemuel_coloured_pillars_altar
D:4:      layout_layer_cave, kennysheep_mini, serial_shops, shop

Skill      XL: |  1  2  3  4  5 |
---------------+----------------+-----
Stealth        | 2 3 |  3.8
Dodging        | 3 4 |  4.1
Fighting       | 2 |  2.7
Bows           | 6 |  6.5

Action                   |  1- 3 |  4- 6 || total
-------------------------+-------+-------++-------
Melee: Short sword       |    88 |    44 ||   132
 Fire: Shortbow          |    72 |    70 ||   142
  Use: Scroll            |       |     2 ||     2
       Potion            |       |     2 ||     2
 Stab: Sleeping          |     3 |       ||     3
       Distracted        |       |     1 ||     1
Armor: Leather armour    |    38 |     8 ||    46
Dodge: Dodged            |    76 |    41 ||   117

Table legend: (Time is in decaauts)
 A = Elapsed time spent in this place.
 B = Non-inter-level travel time spent in this place.
 C = Inter-level travel time spent in this place.
 D = Time resting spent in this place.
 E = Time spent auto-exploring this place.
 F = Levels seen in this place.
 G = Mean time per level.
                   A        B        C        D        E       F      G
               +--------+--------+--------+--------+--------+-----+--------+
         Total |   3255 |   3180 |     75 |    762 |   1847 |   4 |  813.8 |
       Dungeon |   3255 |   3180 |     75 |    762 |   1847 |   4 |  813.8 |
               +--------+--------+--------+--------+--------+-----+--------+

Top non-repeatable levels by time:
     D:3: 1269 daAuts
     D:1: 847 daAuts
     D:2: 640 daAuts
     D:4: 497 daAuts
